 Dungeon Crawl Stone Soup version 0.19.1 (webtiles) character file.

315 esteth the Skirmisher (level 6, -1/49 HPs)
             Began as a Formicid Abyssal Knight on Dec 20, 2016.
             Was a Follower of Lugonu.
             Killed by divine providence
             ... invoked by an orc priest
              (13 damage)
             ... on level 5 of the Dungeon.
             The game lasted 00:10:58 (3547 turns).

esteth the Skirmisher (Formicid Abyssal Knight)     Turns: 3547, Time: 00:10:59

Health: -1/49      AC: 11    Str: 19    XL:     6   Next: 72%
Magic:  7/7        EV: 10    Int: 11    God:    Lugonu [*.....]
Gold:   199        SH:  0    Dex: 10    Spells: 0 memorised, 5 levels left

rFire  + . .     SeeInvis +     g - +2 dagger (distort)
rCold  . . .     Gourm    .     o - +4 scale mail
rNeg   . . .     Faith    .     (no shield)
rPois  .         Spirit   .     (helmet unavailable)
rElec  .         Reflect  .     (no cloak)
rCorr  .         Harm     .     (no gloves)
MR     +....                    (no boots)
Stlth  ..........               (no amulet)
                                y - ring of protection from fire
                                q - ring of protection from magic

@: no status effects
A: permanent stasis, dig shafts and tunnels, four strong arms, antennae 3
a: Dig, Shaft Self, Depart the Abyss, Renounce Religion


You were on level 5 of the Dungeon.
You worshipped Lugonu.
Lugonu was aware of your devotion.
You were hungry.

You visited 1 branch of the dungeon, and saw 5 of its levels.
You visited the Abyss 2 times.

You collected 199 gold pieces.

Inventory:

Hand Weapons
 a - a +1 spear
 d - a +1 hunting sling of flaming
 g - a +2 dagger of distortion (weapon)
 A - a +0 trident
Armour
 o - a +4 scale mail (worn)
Jewellery
 q - a ring of protection from magic (left hand)
 y - a ring of protection from fire (right hand)
Wands
 x - a wand of random effects (28/48)
Scrolls
 e - 4 scrolls of identify
 h - 3 scrolls of enchant weapon {unknown}
 l - 4 scrolls of remove curse {unknown}
 m - a scroll of magic mapping {unknown}
 n - 2 scrolls of teleportation {unknown}
 s - a scroll of amnesia {unknown}
 z - a scroll of immolation {unknown}
 C - a scroll of noise {unknown}
Potions
 b - a potion of flight
 k - a potion of might {unknown}
 p - a potion of agility {unknown}
 r - 2 potions of heal wounds {unknown}
 u - a potion of experience {unknown}
 v - a potion of magic {unknown}
Books
 t - a book of Cantrips

   Spells                             Type                      Level
   a - Confusing Touch                Hexes                        1
   b - Animate Skeleton               Necromancy                   1
   c - Summon Small Mammal            Summoning                    1
   d - Apportation                    Translocation                1
 B - a book of Frost

   Spells                             Type                      Level
   a - Freeze                         Ice                          1
   b - Throw Frost                    Conjuration/Ice              2
   c - Ozocubu's Armour               Charms/Ice                   3
   d - Throw Icicle                   Conjuration/Ice              4
   e - Summon Ice Beast               Ice/Summoning                4
Comestibles
 c - 2 bread rations
 f - a royal jelly
 i - 2 beef jerkies
 j - 2 meat rations
 w - a slice of pizza


   Skills:
 + Level 4.4 Fighting
 * Level 4.4 Polearms
 + Level 3.7 Armour
 + Level 2.5 Dodging
 - Level 2.1 Invocations


You had 5 spell levels left.
You didn't know any spells.

Dungeon Overview and Level Annotations

Branches:
Dungeon (5/15)
 Temple: D:4-7

Altars:
Fedhas
Hepliaklqana
Nemelex Xobeh

Shops:
D:4 ?

Annotations:
D:5 Pikel


Innate Abilities, Weirdness & Mutations

You are under a permanent stasis effect.
You can dig through walls and to a lower floor.
Your four strong arms can wield two-handed weapons with a shield.
You have a pair of large antennae on your head. (SInv)


Message History

The orc priest hits you but does no damage.
The slave hits you but does no damage.
You barely miss the slave.
The slave is severely wounded.
The slave closely misses you.
The orc priest hits you but does no damage.
You barely miss the slave.
The slave is severely wounded.
The slave hits you.
* * * LOW HITPOINT WARNING * * *
The orc priest barely misses you.
You hit the slave but do no damage.
Space warps horribly around the slave!
The slave is almost dead.
The slave hits you but does no damage. The orc priest closely misses you.
You hit the slave.
The slave is almost dead.
The slave blinks!
The orc priest invokes the aid of Beogh against you.
Beogh smites you!
You die...

.... ..!.....
....#####.......
................
................
.........# .#
.......o.####.#
........p[....#
.........###.####
.........####.#@# #
.........#...#ยง##...#
.........#..oo........
.............####...#.
#######......### ..#
#........# .#
#...p..#.# #
#......#.# #......#.#


You could see a slave, an orc priest and an orc.

Vanquished Creatures
  2 slaves (D:5)
  An ogre (D:4)
  A scorpion (D:4)
  2 orc wizards
  A gnoll (D:4)
  3 adders
  A dart slug (D:3)
  2 leopard geckos
  8 orcs
  4 bats
  4 giant cockroaches
  3 goblins
  5 hobgoblins
  A quokka (D:3)
  7 frilled lizards
  A jackal skeleton (D:4)
  3 kobolds
  7 rats
56 creatures vanquished.

Vanquished Creatures (others)
  A worker ant (D:5)
  3 gnolls (D:4)
  An orc (D:5)
5 creatures vanquished.

Grand Total: 61 creatures vanquished

Notes
Turn   | Place    | Note
-------+----------+-------------------------------------------
     0 | Abyss:1  | esteth the Formicid Abyssal Knight began the quest for the Orb.
     0 | Abyss:1  | Reached XP level 1. HP: 18/18 MP: 2/2
    81 | Abyss:1  | Noticed a bone dragon
    82 | Abyss:1  | Noticed a black mamba skeleton
    87 | D:1      | Escaped the Abyss
   208 | D:1      | Reached skill level 1 in Dodging
   401 | D:1      | Reached * piety under Lugonu
   440 | D:1      | Reached XP level 2. HP: 23/24 MP: 3/3
  1428 | D:2      | Reached XP level 3. HP: 23/29 MP: 4/4
  1804 | D:2      | Cast into level 1 of the Abyss (orc wizard)
  1805 | D:2      | Escaped the Abyss
  1808 | D:2      | Reached XP level 4. HP: 19/37 MP: 3/5
  2743 | D:4      | Reached XP level 5. HP: 42/42 MP: 6/6
  2869 | D:4      | Found Upsir's Magic Scroll Shoppe.
  2882 | D:4      | Noticed an ogre
  2887 | D:4      | Killed an ogre
  2887 | D:4      | Reached XP level 6. HP: 38/48 MP: 7/7
  2954 | D:4      | Found a blossoming altar of Fedhas.
  2954 | D:4      | Found a hazy altar of Hepliaklqana.
  2955 | D:4      | Found a sparkling altar of Nemelex Xobeh.
  3427 | D:4      | Noticed a phantom
  3474 | D:5      | Entered Level 5 of the Dungeon
  3488 | D:5      | Noticed a slave
  3488 | D:5      | Noticed a slave
  3488 | D:5      | Noticed a slave
  3489 | D:5      | Noticed Pikel
  3502 | D:5      | Killed a slave
  3504 | D:5      | Killed a slave
  3513 | D:5      | Noticed a slave
  3547 | D:5      | Killed from afar by an orc priest

Skill      XL: |  1  2  3  4  5 |
---------------+----------------+-----
Dodging        | 1 2 |  2.5
Polearms       | 3 4 |  4.4
Fighting       | 4 |  4.4
Armour         | 3 |  3.7
Invocations    | |  2.1

Action                   |  1- 3 |  4- 6 || total
-------------------------+-------+-------++-------
Melee: Spear             |    86 |     4 ||    90
       Dagger            |       |   122 ||   122
Invok: Depart the Abyss  |     2 |       ||     2
 Abil: Dig               |     1 |     1 ||     2
  Use: Scroll            |     5 |     1 ||     6
       Potion            |     3 |       ||     3
  Eat: Chunk             |     2 |     6 ||     8
Armor: Leather armour    |     6 |       ||     6
       Scale mail        |    28 |    50 ||    78
Dodge: Dodged            |    29 |    63 ||    92
